 Dungeon Crawl Stone Soup version 0.24-a0-471-g3302cd442e (webtiles) character file.

Game seed: 14191167987675695885

72 pk666 the Magician (level 4, -8/24 HPs)
             Began as a Deep Elf Wizard on July 4, 2019.
             Mangled by Sigmund
             ... wielding a +0 scythe
              (11 damage)
             ... on level 2 of the Dungeon.
             The game lasted 00:04:07 (1996 turns).

pk666 the Magician (Deep Elf Wizard)                Turns: 1996, Time: 00:04:08

Health: -8/24      AC:  3    Str:  4    XL:     4   Next: 7%
Magic:  10/13      EV: 13    Int: 24    God:
Gold:   103        SH:  0    Dex: 13    Spells: 4/13 levels left

rFire    . . .     SeeInvis .   k - +0 dagger (speed)
rCold    . . .     Gourm    .   (no shield)
rNeg     . . .     Faith    .   a - +0 robe
rPois    .         Spirit   .   b - +0 hat
rElec    .         Reflect  .   c - +0 cloak
rCorr    .         Harm     .   (no gloves)
MR       .....                  (no boots)
Stlth    +.........             (no amulet)
HPRegen  0.08/turn              (no ring)
MPRegen  0.13/turn              (no ring)

@: confused, very slightly contaminated
A: no striking features
a: no special abilities


You were on level 2 of the Dungeon.
You were very hungry.

You visited 1 branch of the dungeon, and saw 2 of its levels.

You collected 103 gold pieces.

Inventory:

Hand Weapons
 k - a +0 dagger of speed (weapon)
Armour
 a - a +0 robe (worn)
 b - a +0 hat (worn)
 c - a +0 cloak (worn)
Wands
 i - a wand of polymorph (12)
Scrolls
 f - 2 scrolls of enchant weapon {unknown}
 g - 3 scrolls of identify {unknown}
 j - a scroll of teleportation {unknown}
 m - a scroll of fog {unknown}
 n - a scroll of magic mapping {unknown}
 p - a scroll of blinking {unknown}
Potions
 e - a potion of berserk rage {unknown}
 h - 2 potions of might {unknown}
 l - 2 potions of brilliance {unknown}
 o - 2 potions of lignification {unknown}
 q - a potion of agility {unknown}
Comestibles
 d - 5 rations


   Skills:
 - Level 3.1 Dodging
 - Level 2.4 Stealth
 + Level 5.1 Spellcasting
 + Level 2.4 Conjurations
   Level 1.1 Summonings
 + Level 1.5 Translocations
 + Level 0.6 Fire Magic
 + Level 0.7 Air Magic
 + Level 0.6 Poison Magic


You had 4 spell levels left.
You knew the following spells:

 Your Spells              Type           Power        Failure   Level  Hunger
a - Magic Dart            Conj           ###.         3%          1    None
b - Blink                 Tloc           N/A          7%          2    None
c - Conjure Flame         Conj/Fire      ##......     14%         3    ##.....
d - Mephitic Cloud        Conj/Pois/Air  ##......     16%         3    ##.....

Your spell library contained the following spells:

 Spells                   Type           Power        Failure   Level  Hunger
 Call Imp                 Summ           ##......     9%          2    None
 Slow                     Hex            #.......     13%         2    None


Dungeon Overview and Level Annotations

Branches:
Dungeon (2/15)

Altars:
Nemelex Xobeh
Wu Jian
The Shining One

Annotations:
D:2 Sigmund


Message History

You are confused.
You're too confused to cast spells.
There isn't anything here!
Sigmund gestures at you while chanting. The magic dart hits you.
You're too confused to move!
You bump into the rock wall.
You bump into the rock wall.
Sigmund gestures at you while chanting. The magic dart hits you!
You bump into the rock wall.
You feel less confused.
Sigmund giggles. "Time to reap what you sow."
Sigmund gestures at you while chanting.
You are confused.
Sigmund hits you from afar with a +0 scythe!
* * * LOW HITPOINT WARNING * * *
You bump into the rock wall.
Sigmund hits you from afar with a +0 scythe!
You die...

.. ....#.#...##### ##'# .
####....#.# #.# ##### ## #
#.#.##.###### #.. ...... .
. ###...........# ###
....... .#.
<..........###.#####
######.###?#
######..............
#......# ####.#.##.#####
#......###########.#......#
# #.....@.@.........###.###
#_#.###########....# #....
..#..# ##...###.### #.....#
##......### #######
#.##.##... #.##.##.##
#.##(##.# #.##.##.#
##.##.##>#


You could see Sigmund.

Vanquished Creatures
  Robin (D:2)
  An adder (D:2)
  2 dart slugs
  2 leopard geckos
  2 bats (D:1)
  A giant cockroach (D:1)
  6 hobgoblins
  4 frilled lizards
  16 goblins
  2 kobolds (D:1)
  8 rats
45 creatures vanquished.

Notes
Turn   | Place    | Note
-------+----------+-------------------------------------------
     0 | D:1      | pk666 the Deep Elf Wizard began the quest for the Orb.
     0 | D:1      | Reached XP level 1. HP: 10/10 MP: 7/7
   240 | D:1      | Reached XP level 2. HP: 15/15 MP: 1/9
  1115 | D:2      | Reached skill level 5 in Spellcasting
  1115 | D:2      | Reached XP level 3. HP: 19/19 MP: 8/11
  1119 | D:2      | Learned a level 2 spell: Blink
  1123 | D:2      | Learned a level 3 spell: Conjure Flame
  1127 | D:2      | Learned a level 3 spell: Mephitic Cloud
  1172 | D:2      | Found an ornate altar of the Wu Jian Council.
  1430 | D:2      | Noticed Robin
  1440 | D:2      | Killed Robin
  1690 | D:2      | Reached XP level 4. HP: 24/24 MP: 10/13
  1911 | D:2      | Found a sparkling altar of Nemelex Xobeh.
  1940 | D:2      | Found a glowing golden altar of the Shining One.
  1969 | D:2      | Found a faded altar of an unknown god.
  1981 | D:2      | Noticed Sigmund
  1996 | D:2      | Mangled by Sigmund

Levels and vault maps discovered:
D:1:      kilobyte_arrival_exit_the_forest, layout_loops_cross,
          minmay_misc_feat_four_crosses
D:2:      layout_loops_ring, nicolae_overflow_crystal_walls, tso_altar,
          chequers_ecumenical_altar_simple, nemelex_diamond_rough_becter,
          uniq_sigmund, uniq_robin

Skill      XL: |  1  2 |
---------------+-------+-----
Dodging        | 3 |  3.1
Conjurations   | 2 |  2.4
Spellcasting   | 5 |  5.1
Stealth        | |  2.4
Summonings     | |  1.1
Translocations | |  1.5
Fire Magic     | |  0.6
Air Magic      | |  0.7
Poison Magic   | |  0.6

Action                   |  1- 3 |  4- 6 || total
-------------------------+-------+-------++-------
 Cast: Magic Dart        |    80 |     9 ||    89
  Use: Scroll            |     1 |       ||     1
  Eat: Chunk             |     2 |       ||     2
Armor: Robe              |     2 |       ||     2
Dodge: Dodged            |     6 |       ||     6

Table legend:
 A = Non-vault XP
 B = Vault XP
 C = Vault XP percentage of total XP
 D = Non-vault monster count
 E = Vault monster count
 F = Vault count percentage of total count
                 A         B        C        D         E       F
            +---------+---------+-------+---------+---------+-------
      Total |      68 |      36 |  34.6 |      33 |      12 |  26.7
            +---------+---------+-------+---------+---------+-------
        D:1 |      40 |       0 |   0.0 |      24 |       0 |   0.0
        D:2 |      28 |      36 |  56.2 |       9 |      12 |  57.1
            +---------+---------+-------+---------+---------+-------
